Mustangs vs Mulligans
(R1)
Created - May 14, 2018 at 19:31
Goals
|
| Mustangs |
0 |
2 |
1 |
3 |
| Mulligans |
1 |
0 |
1 |
2 |
|
Shots
|
| Mustangs |
10 |
11 |
13 |
34 |
| Mulligans |
11 |
19 |
8 |
38 |
|
1st period
1. Mulligans , Derek Dorsett 2 (Matt Beleskey 2) at 19:18
Penalties :
Cody Goloubef (Rep) for Interference (Minor) at 4:24, Cameron Gaunce (Ham) for High sticking (Minor) at 12:17
2nd period
2. Mustangs , Cameron Gaunce 4 (Josh Jooris 12, Brady Skjei 8) at 5:39
3. Mustangs , Marcus Foligno 6 (Brady Skjei 9, Riley Sheahan 5) at 11:31 (PP)
Penalties :
Marcus Foligno (Ham) for Tripping (Minor) at 0:15, Matt Donovan (Rep) for Hooking (Minor) at 0:29, Mark Pysyk (Ham) for Hooking (Minor) at 8:58, Sven Baertschi (Rep) for Hooking (Minor) at 11:28
3rd period
4. Mulligans , Drayson Bowman 7 (Cody Goloubef 3) at 9:13
5. Mustangs , Andrew Shaw 4 (Mika Zibanejad 5, Tomas Tatar 3) at 17:18
Penalties :
Maxime Macenauer (Rep) for Roughing (Minor) at 5:13, Josh Jooris (Ham) for Hooking (Minor) at 18:27
Goalie Stats
Peter Mannino (Ham), 36 saves from 38 shots - (0.947), W, 4-3-0, 60:00 minutes
Anders Lindback (Rep), 31 saves from 34 shots - (0.912), L, 5-1-0, 59:16 minutes
Players Stats for Mustangs
Player Name G A P +/- PIM S H SB GA TA FO MP PP MP PK MP
------------------------------------------------------------------------------------
Alexei Marchenko 0 0 0 0 0 0 0 1 0 0 0/0 11:32 0:00 0:11
Andrew Shaw 1 0 1 0 0 3 2 0 0 0 0/0 13:45 1:44 0:00
Brady Skjei 0 2 2 1 0 2 2 0 0 0 0/0 18:55 1:24 2:45
Cameron Gaunce 1 0 1 1 2 1 3 2 0 1 0/0 27:35 2:38 3:00
Curtis Hamilton 0 0 0 0 0 1 0 0 0 0 0/0 6:57 0:00 0:00
Denis Bodrov 0 0 0 -1 0 0 2 4 0 3 0/0 21:24 1:37 2:39
Francis Paré 0 0 0 0 0 0 0 0 0 0 0/0 6:57 0:00 0:00
Jerome Samson 0 0 0 -1 0 3 2 0 0 0 0/0 11:36 0:08 0:00
Jim O'Brien 0 0 0 -1 0 1 0 1 3 0 4/10 14:11 0:04 1:39
Josh Jooris 0 1 1 1 2 2 2 0 3 0 1/2 19:43 2:23 0:00
Joshua Leivo 0 0 0 -1 0 1 0 0 1 2 0/0 12:12 0:08 0:11
Marcus Foligno 1 0 1 1 2 5 0 1 1 0 0/0 22:57 2:23 3:00
Mark Pysyk 0 0 0 -1 2 2 3 0 0 0 0/0 22:32 1:37 0:34
Mika Zibanejad 0 1 1 0 0 4 1 0 0 0 7/20 20:35 1:51 1:44
Rick Schofield 0 0 0 0 0 0 2 1 0 0 1/2 6:57 0:00 0:00
Riley Sheahan 0 1 1 1 0 6 1 2 0 0 19/36 19:18 2:20 2:21
Scott Mayfield 0 0 0 0 0 0 2 0 0 1 0/0 17:58 1:14 2:19
Tomas Tatar 0 1 1 0 0 3 1 0 1 0 0/3 17:23 1:44 2:33
Players Stats for Mulligans
Player Name G A P +/- PIM S H SB GA TA FO MP PP MP PK MP
------------------------------------------------------------------------------------
Anton Lander 0 0 0 1 0 3 1 0 0 0 8/14 17:51 2:18 1:48
Ben Hutton 0 0 0 0 0 0 0 0 0 0 0/0 11:47 0:00 0:00
Benn Ferriero 0 0 0 0 0 1 1 1 0 0 1/1 11:02 0:00 0:00
Cade Fairchild 0 0 0 1 0 0 0 2 1 1 0/0 16:41 0:00 2:51
Christoph Bertschy 0 0 0 0 0 0 0 0 0 0 1/1 6:41 0:00 0:00
Cody Goloubef 0 1 1 0 2 1 3 3 1 2 0/0 20:55 1:53 1:41
Darren Dietz 0 0 0 -1 0 0 0 0 0 0 0/0 3:56 0:00 0:35
Derek Dorsett 1 0 1 1 0 4 1 0 0 0 0/0 16:55 2:18 0:52
Drayson Bowman 1 0 1 1 0 2 1 1 2 0 2/3 14:04 0:00 1:15
Eric Tangradi 0 0 0 -2 0 4 1 0 1 0 1/1 20:14 3:26 0:00
Jonathan Tremblay 0 0 0 -1 0 1 0 1 0 0 1/3 23:50 3:26 2:26
Logan Shaw 0 0 0 0 0 0 2 0 2 0 0/1 6:12 0:00 0:00
Matt Beleskey 0 1 1 1 0 4 3 0 0 1 0/1 15:33 2:18 0:00
Matt Donovan 0 0 0 1 2 6 1 1 0 2 0/0 22:59 3:50 1:13
Matt Niskanen 0 0 0 1 0 3 2 1 0 1 0/0 23:33 3:51 0:46
Maxime Macenauer 0 0 0 1 2 2 1 0 0 0 3/8 14:07 0:00 1:15
Nick Bonino 0 0 0 -2 0 5 3 0 0 0 24/40 20:14 3:26 0:00
Sven Baertschi 0 0 0 0 2 0 0 0 0 0 0/0 7:05 0:00 0:54
Thomas Hickey 0 0 0 -2 0 2 1 0 0 2 0/0 20:17 1:53 1:24
3 Stars
1 - Peter Mannino (Ham)
2 - Brady Skjei (Ham)
3 - Cameron Gaunce (Ham)
Power Play
Mustangs - 1 on 4 Attempt(s) - 25.00%
Mulligans - 0 on 4 Attempt(s) - 0.00%
Penalty Kill
Mustangs - 4 on 4 Attempt(s) - 100.00%
- Score 0 goal in Penalty Kill
Mulligans - 3 on 4 Attempt(s) - 75.00%
- Score 0 goal in Penalty Kill
Team Stat
Mustangs - Hits : 23 - Faceoff Wins : 32 - Blocked Shots : 12 - Penalty Minutes : 8
Mulligans - Hits : 21 - Faceoff Wins : 41 - Blocked Shots : 10 - Penalty Minutes : 8
Official
Referees : Hebert Ghislain and Ciamaga Chris
Linesman : Mark Pare and Derek Amell
Game Notes
Brady Skjei is injured at 1:33 of 3rd period (Sore Right Knee)
Riley Sheahan is injured at 9:27 of 3rd period (Strained Right Knee)
Finance
Level 1 -- Attendance: 1876 (93.80%) -- Ticket Income $46,900
Level 2 -- Attendance: 1000 (100.00%) -- Ticket Income $12,000
Total Attendance: 2876 (95.87%)
Total Ticket Income: $58,900
Other Income: $2,945
Total Income: $61,845
Mustangs
5 vs 5 Forward
Center Left Wing Right Wing Time % Phy DF OF
1 Riley Sheahan Marcus Foligno Josh Jooris 40 1 2 2
2 Mika Zibanejad Tomas Tatar Andrew Shaw 30 1 2 2
3 Jim O'Brien Joshua Leivo Jerome Samson 20 1 2 2
4 Rick Schofield Curtis Hamilton Francis Paré 10 1 2 2
5 vs 5 Defense
Defense Defense Time % Phy DF OF
1 Cameron Gaunce Brady Skjei 44 1 2 2
2 Denis Bodrov Mark Pysyk 33 1 2 2
3 Alexei Marchenko Scott Mayfield 23 1 2 2
4 Cameron Gaunce Brady Skjei 0 1 2 2
PowerPlay Forward
Center Left Wing Right Wing Time % Phy DF OF
1 Riley Sheahan Marcus Foligno Josh Jooris 60 1 2 2
2 Mika Zibanejad Tomas Tatar Andrew Shaw 40 1 2 2
PowerPlay Defense
Defense Defense Time % Phy DF OF
1 Cameron Gaunce Brady Skjei 60 1 2 2
2 Denis Bodrov Mark Pysyk 40 1 2 2
Penalty Kill 4 Players Forward
Center Wing Time % Phy DF OF
1 Riley Sheahan Marcus Foligno 60 1 2 2
2 Jim O'Brien Tomas Tatar 40 1 2 2
Penalty Kill 4 Players Defense
Defense Defense Time % Phy DF OF
1 Cameron Gaunce Brady Skjei 60 1 2 2
2 Denis Bodrov Mark Pysyk 40 1 2 2
Penalty Kill - 3 Players Forward
Forward Time % Phy DF OF
1 Riley Sheahan 60 1 2 2
2 Jim O'Brien 40 1 2 2
Penalty Kill - 3 Players Defense
Defense Defense Time % Phy DF OF
1 Cameron Gaunce Brady Skjei 60 1 2 2
2 Denis Bodrov Mark Pysyk 40 1 2 2
4 vs 4 Forward
Center Wing Time % Phy DF OF
1 Riley Sheahan Marcus Foligno 60 1 2 2
2 Mika Zibanejad Tomas Tatar 40 1 2 2
4 vs 4 Defense
Defense Defense Time % Phy DF OF
1 Cameron Gaunce Brady Skjei 60 1 2 2
2 Denis Bodrov Mark Pysyk 40 1 2 2
Last Minutes Offensive
Center Left Wing Right Wing Defense Defense
Riley Sheahan Marcus Foligno Josh Jooris Cameron Gaunce Brady Skjei
Last Minutes Defensive
Center Left Wing Right Wing Defense Defense
Riley Sheahan Marcus Foligno Josh Jooris Cameron Gaunce Brady Skjei
Goaltenders
Starting : Peter Mannino
Backup : Chet Pickard
Extra Forwards
Normal : Riley Sheahan, Mika Zibanejad, Jim O'Brien - PP : Mika Zibanejad, Riley Sheahan - PK : Marcus Foligno
Extra Defensemen
Normal : Brady Skjei, Mark Pysyk, Cameron Gaunce - PP : Brady Skjei - PK : Denis Bodrov, Cameron Gaunce
Penalty Shots
Riley Sheahan, Mika Zibanejad, Andrew Shaw, Marcus Foligno, Josh Jooris
Scratches
Roman Horak (Healthy), Andreas Athanasiou (Sports Hernia Injury), Dominik Uher (Healthy), Joe Finley (Healthy), Eric Knodel (Healthy)
Matthew Finn (Healthy), Danny Biega (Healthy), Raphael Bussieres (Healthy), Sam Kurker (Healthy), Max Gortz (Healthy)
Riley Nash (Healthy), Justin Peters (Healthy), Joacim Eriksson (Healthy)
Mulligans
5 vs 5 Forward
Center Left Wing Right Wing Time % Phy DF OF
1 Nick Bonino Eric Tangradi Jonathan Tremblay 40 0 2 3
2 Anton Lander Matt Beleskey Derek Dorsett 30 0 2 3
3 Maxime Macenauer Drayson Bowman Benn Ferriero 20 0 2 3
4 Christoph Bertschy Sven Baertschi Logan Shaw 10 0 2 3
5 vs 5 Defense
Defense Defense Time % Phy DF OF
1 Matt Niskanen Matt Donovan 40 0 3 2
2 Thomas Hickey Cody Goloubef 30 0 3 2
3 Ben Hutton Cade Fairchild 20 0 3 2
4 Darren Dietz Thomas Hickey 10 0 3 2
PowerPlay Forward
Center Left Wing Right Wing Time % Phy DF OF
1 Nick Bonino Eric Tangradi Jonathan Tremblay 60 0 1 4
2 Anton Lander Matt Beleskey Derek Dorsett 40 0 1 4
PowerPlay Defense
Defense Defense Time % Phy DF OF
1 Matt Niskanen Matt Donovan 60 0 2 3
2 Cody Goloubef Thomas Hickey 40 0 2 3
Penalty Kill 4 Players Forward
Center Wing Time % Phy DF OF
1 Maxime Macenauer Jonathan Tremblay 60 1 3 1
2 Anton Lander Derek Dorsett 40 1 3 1
Penalty Kill 4 Players Defense
Defense Defense Time % Phy DF OF
1 Cade Fairchild Cody Goloubef 60 1 4 0
2 Matt Donovan Thomas Hickey 40 1 4 0
Penalty Kill - 3 Players Forward
Forward Time % Phy DF OF
1 Maxime Macenauer 60 1 3 1
2 Anton Lander 40 1 3 1
Penalty Kill - 3 Players Defense
Defense Defense Time % Phy DF OF
1 Thomas Hickey Matt Donovan 60 1 4 0
2 Cody Goloubef Cade Fairchild 40 1 4 0
4 vs 4 Forward
Center Wing Time % Phy DF OF
1 Nick Bonino Eric Tangradi 60 0 2 3
2 Anton Lander Derek Dorsett 40 0 2 3
4 vs 4 Defense
Defense Defense Time % Phy DF OF
1 Matt Niskanen Matt Donovan 60 0 3 2
2 Cody Goloubef Cade Fairchild 40 0 3 2
Last Minutes Offensive
Center Left Wing Right Wing Defense Defense
Nick Bonino Eric Tangradi Jonathan Tremblay Thomas Hickey Matt Donovan
Last Minutes Defensive
Center Left Wing Right Wing Defense Defense
Maxime Macenauer Matt Beleskey Jonathan Tremblay Thomas Hickey Matt Donovan
Goaltenders
Starting : Anders Lindback
Backup : Calvin Pickard
Extra Forwards
Normal : Christoph Bertschy, Benn Ferriero, Drayson Bowman - PP : Anton Lander, Logan Shaw - PK : Drayson Bowman
Extra Defensemen
Normal : Ben Hutton, Darren Dietz, Cody Goloubef - PP : Ben Hutton - PK : Matt Niskanen, Darren Dietz
Penalty Shots
Jonathan Tremblay, Nick Bonino, Eric Tangradi, Maxime Macenauer, Logan Shaw
Scratches
Chris Neil (Suspend), Joonas Donskoi (Healthy), Reid Boucher (Healthy), Nick Shore (Healthy), Mario Lucia (Healthy)
Adam Lowry (Healthy), Marek Langhamer (Healthy)
% Time on Ice - Mustangs
Lines # - Real PCT - Wanted PCT - Time Play
Normal Forward
1 - 37% - 40% - 17:50
2 - 25% - 30% - 12:01
3 - 24% - 20% - 11:28
4 - 14% - 10% - 6:57
Normal Defense
1 - 46% - 44% - 22:10
2 - 34% - 33% - 16:18
3 - 20% - 23% - 9:48
4 - 0% - 0% - 0:00
PP Forward
1 - 59% - 60% - 2:31
2 - 41% - 40% - 1:44
PP Defense
1 - 62% - 60% - 2:38
2 - 38% - 40% - 1:37
PK Forward
1 - 84% - 60% - 4:48
2 - 16% - 40% - 0:56
PK Defense
1 - 78% - 60% - 4:28
2 - 22% - 40% - 1:16
PK3 Forward
1 - 0% - 60%
2 - 0% - 40%
PK3 Defense
1 - 0% - 60%
2 - 0% - 40%
44 Forward
1 - 100% - 60% - 1:45
2 - 0% - 40% - 0:00
44 Defense
1 - 69% - 60% - 1:12
2 - 31% - 40% - 0:33
Last Minute Offensive - 0:00
Last Minute Defensive - 0:00
Total
Forward - 60:00
Defense - 60:00
|
% Time on Ice - Mulligans
Lines # - Real PCT - Wanted PCT - Time Play
Normal Forward
1 - 38% - 40% - 18:07
2 - 27% - 30% - 13:15
3 - 22% - 20% - 10:42
4 - 13% - 10% - 6:12
Normal Defense
1 - 41% - 40% - 19:53
2 - 30% - 30% - 14:37
3 - 22% - 20% - 10:25
4 - 7% - 10% - 3:21
PP Forward
1 - 60% - 60% - 3:26
2 - 40% - 40% - 2:18
PP Defense
1 - 67% - 60% - 3:51
2 - 33% - 40% - 1:53
PK Forward
1 - 80% - 60% - 3:23
2 - 20% - 40% - 0:52
PK Defense
1 - 66% - 60% - 2:48
2 - 34% - 40% - 1:27
PK3 Forward
1 - 0% - 60%
2 - 0% - 40%
PK3 Defense
1 - 0% - 60%
2 - 0% - 40%
44 Forward
1 - 71% - 60% - 1:15
2 - 29% - 40% - 0:30
44 Defense
1 - 61% - 60% - 1:04
2 - 39% - 40% - 0:41
Last Minute Offensive - 0:00
Last Minute Defensive - 0:00
Total
Forward - 60:00
Defense - 60:00
|
Play by Play
1st period
0:01 of 1st period - Nick Bonino wins face-off versus Riley Sheahan in neutral zone.
0:22 of 1st period - Icing by Nick Bonino.
0:23 of 1st period - Anton Lander wins face-off versus Tomas Tatar in Mulligans zone.
0:53 of 1st period - Slapshot by Jerome Samson.
0:53 of 1st period - Stopped by Anders Lindback with a rebound.
1:42 of 1st period - Snap shot by Eric Tangradi.
1:42 of 1st period - Shot Blocked by Rick Schofield.
1:44 of 1st period - Snap shot by Jonathan Tremblay.
1:44 of 1st period - Stopped by Peter Mannino with a rebound.
2:05 of 1st period - Wrist shot by Mika Zibanejad.
2:05 of 1st period - Deflect By Cody Goloubef.
2:05 of 1st period - Shot Misses the Net.
2:05 of 1st period - Puck is out of play.
2:06 of 1st period - Riley Sheahan wins face-off versus Nick Bonino in Mulligans zone.
2:07 of 1st period - Wrist shot by Marcus Foligno.
2:07 of 1st period - Deflect By Riley Sheahan.
2:07 of 1st period - Stopped by Anders Lindback with a rebound.
2:13 of 1st period - Wrist shot by Jonathan Tremblay.
2:13 of 1st period - Shot Blocked by Cameron Gaunce.
2:17 of 1st period - Slapshot by Jonathan Tremblay.
2:17 of 1st period - Shot Blocked by Riley Sheahan.
2:19 of 1st period - Slapshot by Thomas Hickey.
2:19 of 1st period - Deflect By Marcus Foligno.
2:19 of 1st period - Stopped by Peter Mannino without a rebound.
2:20 of 1st period - Maxime Macenauer wins face-off versus Jim O'Brien in Mustangs zone.
2:31 of 1st period - Slapshot by Cameron Gaunce.
2:31 of 1st period - Deflect By Joshua Leivo.
2:31 of 1st period - Stopped by Anders Lindback without a rebound.
2:32 of 1st period - Riley Sheahan wins face-off versus Jonathan Tremblay in Mulligans zone.
2:35 of 1st period - Slapshot by Riley Sheahan.
2:35 of 1st period - Shot Blocked by Matt Donovan.
2:37 of 1st period - Wrist shot by Marcus Foligno.
2:37 of 1st period - Shot Blocked by Jonathan Tremblay.
2:57 of 1st period - Eric Tangradi is hit by Jerome Samson and loses puck.
4:02 of 1st period - Icing by Denis Bodrov.
4:03 of 1st period - Mika Zibanejad wins face-off versus Maxime Macenauer in Mustangs zone.
4:24 of 1st period - Minor Penalty to Cody Goloubef for Interference.
4:25 of 1st period - Josh Jooris wins face-off versus Jonathan Tremblay in Mulligans zone.
5:15 of 1st period - Cade Fairchild is hit by Riley Sheahan and loses puck.
6:24 of 1st period - Penalty to Cody Goloubef is over, Cody Goloubef is back on ice.
7:10 of 1st period - Wrist shot by Jim O'Brien.
7:10 of 1st period - Shot Misses the Net.
7:45 of 1st period - Slapshot by Thomas Hickey.
7:45 of 1st period - Stopped by Peter Mannino with a rebound.
7:47 of 1st period - Snap shot by Anton Lander.
7:47 of 1st period - Stopped by Peter Mannino with a rebound.
7:49 of 1st period - Slapshot by Anton Lander.
7:49 of 1st period - Shot Hit the Post.
7:51 of 1st period - Slapshot by Cade Fairchild.
7:51 of 1st period - Shot Misses the Net.
8:23 of 1st period - Maxime Macenauer is hit by Scott Mayfield and loses puck.
8:40 of 1st period - Cody Goloubef is hit by Josh Jooris and loses puck.
8:51 of 1st period - Mika Zibanejad is hit by Logan Shaw and loses puck.
9:06 of 1st period - Slapshot by Thomas Hickey.
9:06 of 1st period - Deflect By Maxime Macenauer.
9:06 of 1st period - Stopped by Peter Mannino with a rebound.
10:26 of 1st period - Rick Schofield is hit by Matt Niskanen and loses puck.
11:17 of 1st period - Darren Dietz is hit by Mark Pysyk and loses puck.
11:30 of 1st period - Mark Pysyk is hit by Logan Shaw and loses puck.
11:47 of 1st period - Riley Sheahan is hit by Nick Bonino and loses puck.
12:17 of 1st period - Minor Penalty to Cameron Gaunce for High sticking.
12:18 of 1st period - Nick Bonino wins face-off versus Riley Sheahan in Mustangs zone.
12:20 of 1st period - Snap shot by Eric Tangradi.
12:20 of 1st period - Stopped by Peter Mannino with a rebound.
14:17 of 1st period - Penalty to Cameron Gaunce is over, Cameron Gaunce is back on ice.
14:17 of 1st period - Snap shot by Mika Zibanejad.
14:17 of 1st period - Stopped by Anders Lindback with a rebound.
14:52 of 1st period - Wrist shot by Jim O'Brien.
14:52 of 1st period - Stopped by Anders Lindback without a rebound.
14:53 of 1st period - Maxime Macenauer wins face-off versus Jim O'Brien in Mulligans zone.
15:25 of 1st period - Snap shot by Benn Ferriero.
15:25 of 1st period - Shot Misses the Net.
15:33 of 1st period - Joshua Leivo is hit by Maxime Macenauer.
15:41 of 1st period - Icing by Mark Pysyk.
15:42 of 1st period - Jim O'Brien wins face-off versus Nick Bonino in Mustangs zone.
15:51 of 1st period - Wrist shot by Jim O'Brien.
15:51 of 1st period - Shot Blocked by Matt Niskanen.
15:53 of 1st period - Snap shot by Joshua Leivo.
15:53 of 1st period - Deflect By Jerome Samson.
15:53 of 1st period - Stopped by Anders Lindback without a rebound.
15:54 of 1st period - Nick Bonino wins face-off versus Josh Jooris in Mulligans zone.
16:19 of 1st period - Mika Zibanejad is hit by Matt Beleskey and loses puck.
16:28 of 1st period - Backhand shot by Andrew Shaw.
16:28 of 1st period - Stopped by Anders Lindback with a rebound.
16:46 of 1st period - Wrist shot by Anton Lander.
16:46 of 1st period - Shot Misses the Net.
16:48 of 1st period - Slapshot by Matt Donovan.
16:48 of 1st period - Stopped by Peter Mannino with a rebound.
16:50 of 1st period - Wrist shot by Matt Donovan.
16:50 of 1st period - Deflect By Sven Baertschi.
16:50 of 1st period - Shot Blocked by Denis Bodrov.
16:50 of 1st period - Puck is out of play.
16:51 of 1st period - Riley Sheahan wins face-off versus Nick Bonino in Mustangs zone.
16:51 of 1st period - Riley Sheahan is hit by Cody Goloubef.
17:17 of 1st period - Mika Zibanejad is hit by Anton Lander.
17:45 of 1st period - Snap shot by Logan Shaw.
17:45 of 1st period - Deflect By Sven Baertschi.
17:45 of 1st period - Shot Misses the Net.
17:45 of 1st period - Puck is out of play.
17:46 of 1st period - Nick Bonino wins face-off versus Riley Sheahan in Mustangs zone.
18:11 of 1st period - Wrist shot by Andrew Shaw.
18:11 of 1st period - Stopped by Anders Lindback without a rebound.
18:12 of 1st period - Anton Lander wins face-off versus Tomas Tatar in Mulligans zone.
18:25 of 1st period - Wrist shot by Matt Beleskey.
18:25 of 1st period - Shot Misses the Net.
18:27 of 1st period - Wrist shot by Matt Beleskey.
18:27 of 1st period - Stopped by Peter Mannino without a rebound.
18:28 of 1st period - Nick Bonino wins face-off versus Riley Sheahan in Mustangs zone.
18:37 of 1st period - Slapshot by Eric Tangradi.
18:37 of 1st period - Stopped by Peter Mannino without a rebound.
18:38 of 1st period - Riley Sheahan wins face-off versus Nick Bonino in Mustangs zone.
18:38 of 1st period - Riley Sheahan is hit by Nick Bonino.
19:04 of 1st period - Slapshot by Riley Sheahan.
19:04 of 1st period - Stopped by Anders Lindback without a rebound.
19:05 of 1st period - Anton Lander wins face-off versus Mika Zibanejad in Mulligans zone.
19:10 of 1st period - Snap shot by Matt Donovan.
19:10 of 1st period - Stopped by Peter Mannino without a rebound.
19:11 of 1st period - Mika Zibanejad wins face-off versus Anton Lander in Mustangs zone.
19:18 of 1st period - Slapshot by Derek Dorsett.
19:18 of 1st period - Goal by Derek Dorsett - Mustangs : 0 - Mulligans : 1.
19:19 of 1st period - Riley Sheahan wins face-off versus Nick Bonino in neutral zone.
19:28 of 1st period - Slapshot by Josh Jooris.
19:28 of 1st period - Stopped by Anders Lindback without a rebound.
19:29 of 1st period - Nick Bonino wins face-off versus Riley Sheahan in Mulligans zone.
Goals for this period are 0 for Mustangs vs 1 for Mulligans.
Shots for this period are 10 for Mustangs vs 11 for Mulligans.
2nd period
0:01 of 2nd period - Riley Sheahan wins face-off versus Nick Bonino in neutral zone.
0:15 of 2nd period - Minor Penalty to Marcus Foligno for Tripping.
0:16 of 2nd period - Nick Bonino wins face-off versus Riley Sheahan in Mustangs zone.
0:16 of 2nd period - Snap shot by Matt Niskanen.
0:16 of 2nd period - Stopped by Peter Mannino with a rebound.
0:29 of 2nd period - Minor Penalty to Matt Donovan for Hooking.
0:30 of 2nd period - Riley Sheahan wins face-off versus Nick Bonino in Mulligans zone.
2:15 of 2nd period - Penalty to Marcus Foligno is over, Marcus Foligno is back on ice.
2:29 of 2nd period - Penalty to Matt Donovan is over, Matt Donovan is back on ice.
2:43 of 2nd period - Cade Fairchild is hit by Mark Pysyk and loses puck.
3:04 of 2nd period - Snap shot by Derek Dorsett.
3:04 of 2nd period - Shot Blocked by Alexei Marchenko.
3:06 of 2nd period - Wrist shot by Derek Dorsett.
3:06 of 2nd period - Stopped by Peter Mannino with a rebound.
3:15 of 2nd period - Icing by Alexei Marchenko.
3:16 of 2nd period - Jim O'Brien wins face-off versus Maxime Macenauer in Mustangs zone.
4:04 of 2nd period - Off-side.
4:05 of 2nd period - Rick Schofield wins face-off versus Anton Lander in neutral zone.
4:30 of 2nd period - Eric Tangradi is hit by Cameron Gaunce and loses puck.
5:15 of 2nd period - Snap shot by Matt Beleskey.
5:15 of 2nd period - Stopped by Peter Mannino with a rebound.
5:25 of 2nd period - Wrist shot by Anton Lander.
5:25 of 2nd period - Deflect By Matt Beleskey.
5:25 of 2nd period - Shot Blocked by Jim O'Brien.
5:25 of 2nd period - Puck is out of play.
5:26 of 2nd period - Riley Sheahan wins face-off versus Nick Bonino in Mustangs zone.
5:31 of 2nd period - Slapshot by Brady Skjei.
5:31 of 2nd period - Stopped by Anders Lindback with a rebound.
5:33 of 2nd period - Snap shot by Brady Skjei.
5:33 of 2nd period - Shot Blocked by Cody Goloubef.
5:35 of 2nd period - Slapshot by Josh Jooris.
5:35 of 2nd period - Shot Misses the Net.
5:37 of 2nd period - Wrist shot by Josh Jooris.
5:37 of 2nd period - Shot Misses the Net.
5:39 of 2nd period - Slapshot by Cameron Gaunce.
5:39 of 2nd period - Goal by Cameron Gaunce - Mustangs : 1 - Mulligans : 1.
5:40 of 2nd period - Riley Sheahan wins face-off versus Nick Bonino in neutral zone.
5:42 of 2nd period - Off-side.
5:43 of 2nd period - Eric Tangradi wins face-off versus Riley Sheahan in neutral zone.
5:56 of 2nd period - Snap shot by Riley Sheahan.
5:56 of 2nd period - Stopped by Anders Lindback with a rebound.
5:58 of 2nd period - Slapshot by Brady Skjei.
5:58 of 2nd period - Stopped by Anders Lindback with a rebound.
6:47 of 2nd period - Matt Donovan is hit by Denis Bodrov and loses puck.
6:54 of 2nd period - Slapshot by Rick Schofield.
6:54 of 2nd period - Shot Misses the Net.
7:12 of 2nd period - Riley Sheahan is hit by Nick Bonino and loses puck.
8:05 of 2nd period - Slapshot by Matt Donovan.
8:05 of 2nd period - Deflect By Marcus Foligno.
8:05 of 2nd period - Stopped by Peter Mannino with a rebound.
8:07 of 2nd period - Snap shot by Matt Beleskey.
8:07 of 2nd period - Deflect By Anton Lander.
8:07 of 2nd period - Stopped by Peter Mannino with a rebound.
8:09 of 2nd period - Snap shot by Matt Niskanen.
8:09 of 2nd period - Shot Blocked by Riley Sheahan.
8:25 of 2nd period - Wrist shot by Tomas Tatar.
8:25 of 2nd period - Stopped by Anders Lindback without a rebound.
8:26 of 2nd period - Nick Bonino wins face-off versus Tomas Tatar in Mulligans zone.
8:34 of 2nd period - Off-side.
8:35 of 2nd period - Nick Bonino wins face-off versus Mika Zibanejad in neutral zone.
8:38 of 2nd period - Snap shot by Eric Tangradi.
8:38 of 2nd period - Shot Misses the Net.
8:56 of 2nd period - Backhand shot by Nick Bonino.
8:56 of 2nd period - Stopped by Peter Mannino with a rebound.
8:58 of 2nd period - Minor Penalty to Mark Pysyk for Hooking.
8:59 of 2nd period - Nick Bonino wins face-off versus Riley Sheahan in Mustangs zone.
9:10 of 2nd period - Wrist shot by Nick Bonino.
9:10 of 2nd period - Stopped by Peter Mannino without a rebound.
9:11 of 2nd period - Nick Bonino wins face-off versus Riley Sheahan in Mustangs zone.
9:12 of 2nd period - Snap shot by Eric Tangradi.
9:12 of 2nd period - Shot Misses the Net.
9:14 of 2nd period - Slapshot by Eric Tangradi.
9:14 of 2nd period - Stopped by Peter Mannino without a rebound.
9:15 of 2nd period - Riley Sheahan wins face-off versus Nick Bonino in Mustangs zone.
10:45 of 2nd period - Matt Donovan is hit by Brady Skjei.
10:49 of 2nd period - Matt Beleskey is hit by Tomas Tatar and loses puck.
10:58 of 2nd period - Penalty to Mark Pysyk is over, Mark Pysyk is back on ice.
11:17 of 2nd period - Snap shot by Riley Sheahan.
11:17 of 2nd period - Stopped by Anders Lindback with a rebound.
11:19 of 2nd period - Snap shot by Tomas Tatar.
11:19 of 2nd period - Stopped by Anders Lindback without a rebound.
11:20 of 2nd period - Jim O'Brien wins face-off versus Logan Shaw in Mulligans zone.
11:23 of 2nd period - Wrist shot by Joshua Leivo.
11:23 of 2nd period - Shot Blocked by Cade Fairchild.
11:25 of 2nd period - Slapshot by Cameron Gaunce.
11:25 of 2nd period - Deflect By Jim O'Brien.
11:25 of 2nd period - Shot Misses the Net.
11:25 of 2nd period - Puck is out of play.
11:26 of 2nd period - Christoph Bertschy wins face-off versus Jim O'Brien in Mulligans zone.
11:28 of 2nd period - Minor Penalty to Sven Baertschi for Hooking.
11:29 of 2nd period - Riley Sheahan wins face-off versus Maxime Macenauer in Mulligans zone.
11:31 of 2nd period - Slapshot by Marcus Foligno.
11:31 of 2nd period - Goal by Marcus Foligno - Mustangs : 2 - Mulligans : 1.
11:32 of 2nd period - Nick Bonino wins face-off versus Riley Sheahan in neutral zone.
12:06 of 2nd period - Wrist shot by Derek Dorsett.
12:06 of 2nd period - Stopped by Peter Mannino with a rebound.
12:28 of 2nd period - Matt Niskanen is hit by Denis Bodrov.
12:31 of 2nd period - Off-side.
12:32 of 2nd period - Riley Sheahan wins face-off versus Nick Bonino in neutral zone.
12:43 of 2nd period - Riley Sheahan is hit by Thomas Hickey.
12:57 of 2nd period - Andrew Shaw is hit by Derek Dorsett and loses puck.
13:04 of 2nd period - Snap shot by Matt Beleskey.
13:04 of 2nd period - Stopped by Peter Mannino without a rebound.
13:05 of 2nd period - Riley Sheahan wins face-off versus Anton Lander in Mustangs zone.
13:34 of 2nd period - Snap shot by Nick Bonino.
13:34 of 2nd period - Shot Misses the Net.
15:05 of 2nd period - Wrist shot by Mika Zibanejad.
15:05 of 2nd period - Stopped by Anders Lindback without a rebound.
15:06 of 2nd period - Anton Lander wins face-off versus Jim O'Brien in Mulligans zone.
15:11 of 2nd period - Slapshot by Cody Goloubef.
15:11 of 2nd period - Shot Misses the Net.
15:33 of 2nd period - Snap shot by Andrew Shaw.
15:33 of 2nd period - Shot Misses the Net.
15:38 of 2nd period - Off-side.
15:39 of 2nd period - Nick Bonino wins face-off versus Riley Sheahan in neutral zone.
15:50 of 2nd period - Wrist shot by Eric Tangradi.
15:50 of 2nd period - Stopped by Peter Mannino without a rebound.
15:51 of 2nd period - Riley Sheahan wins face-off versus Nick Bonino in Mustangs zone.
15:55 of 2nd period - Off-side.
15:56 of 2nd period - Riley Sheahan wins face-off versus Nick Bonino in neutral zone.
16:20 of 2nd period - Off-side.
16:21 of 2nd period - Mika Zibanejad wins face-off versus Matt Beleskey in neutral zone.
16:28 of 2nd period - Slapshot by Tomas Tatar.
16:28 of 2nd period - Deflect By Cody Goloubef.
16:28 of 2nd period - Stopped by Anders Lindback without a rebound.
16:29 of 2nd period - Nick Bonino wins face-off versus Riley Sheahan in Mulligans zone.
17:05 of 2nd period - Cody Goloubef is hit by Andrew Shaw.
17:35 of 2nd period - Cameron Gaunce is hit by Drayson Bowman and loses puck.
17:44 of 2nd period - Wrist shot by Benn Ferriero.
17:44 of 2nd period - Stopped by Peter Mannino with a rebound.
17:46 of 2nd period - Slapshot by Ben Hutton.
17:46 of 2nd period - Shot Blocked by Cameron Gaunce.
17:56 of 2nd period - Eric Tangradi is hit by Brady Skjei and loses puck.
18:21 of 2nd period - Slapshot by Cade Fairchild.
18:21 of 2nd period - Deflect By Matt Beleskey.
18:21 of 2nd period - Shot Misses the Net.
18:21 of 2nd period - Puck is out of play.
18:22 of 2nd period - Anton Lander wins face-off versus Mika Zibanejad in Mustangs zone.
18:31 of 2nd period - Snap shot by Derek Dorsett.
18:31 of 2nd period - Stopped by Peter Mannino with a rebound.
18:33 of 2nd period - Snap shot by Matt Beleskey.
18:33 of 2nd period - Stopped by Peter Mannino with a rebound.
18:35 of 2nd period - Slapshot by Matt Donovan.
18:35 of 2nd period - Stopped by Peter Mannino with a rebound.
18:37 of 2nd period - Wrist shot by Matt Beleskey.
18:37 of 2nd period - Shot Misses the Net.
18:47 of 2nd period - Snap shot by Maxime Macenauer.
18:47 of 2nd period - Stopped by Peter Mannino without a rebound.
18:48 of 2nd period - Maxime Macenauer wins face-off versus Riley Sheahan in Mustangs zone.
19:01 of 2nd period - Snap shot by Riley Sheahan.
19:01 of 2nd period - Stopped by Anders Lindback with a rebound.
19:23 of 2nd period - Wrist shot by Jonathan Tremblay.
19:23 of 2nd period - Shot Blocked by Denis Bodrov.
19:35 of 2nd period - Slapshot by Nick Bonino.
19:35 of 2nd period - Stopped by Peter Mannino with a rebound.
19:37 of 2nd period - Wrist shot by Matt Beleskey.
19:37 of 2nd period - Deflect By Derek Dorsett.
19:37 of 2nd period - Shot Misses the Net.
19:37 of 2nd period - Puck is out of play.
19:38 of 2nd period - Anton Lander wins face-off versus Mika Zibanejad in Mustangs zone.
19:47 of 2nd period - Snap shot by Anton Lander.
19:47 of 2nd period - Stopped by Peter Mannino without a rebound.
19:48 of 2nd period - Nick Bonino wins face-off versus Riley Sheahan in Mustangs zone.
19:55 of 2nd period - Wrist shot by Eric Tangradi.
19:55 of 2nd period - Shot Misses the Net.
19:57 of 2nd period - Wrist shot by Matt Niskanen.
19:57 of 2nd period - Stopped by Peter Mannino with a rebound.
19:59 of 2nd period - Snap shot by Eric Tangradi.
19:59 of 2nd period - Shot Misses the Net.
Goals for this period are 2 for Mustangs vs 0 for Mulligans.
Shots for this period are 11 for Mustangs vs 19 for Mulligans.
3rd period
0:01 of 3rd period - Nick Bonino wins face-off versus Riley Sheahan in neutral zone.
0:10 of 3rd period - Snap shot by Eric Tangradi.
0:10 of 3rd period - Shot Misses the Net.
1:06 of 3rd period - Slapshot by Andrew Shaw.
1:06 of 3rd period - Shot Misses the Net.
1:08 of 3rd period - Snap shot by Mark Pysyk.
1:08 of 3rd period - Deflect By Maxime Macenauer.
1:08 of 3rd period - Stopped by Anders Lindback without a rebound.
1:09 of 3rd period - Riley Sheahan wins face-off versus Maxime Macenauer in Mulligans zone.
1:24 of 3rd period - Slapshot by Brady Skjei.
1:24 of 3rd period - Shot Misses the Net.
1:32 of 3rd period - Brady Skjei is hit by Cody Goloubef and loses puck.
1:33 of 3rd period - Brady Skjei from Mustangs is injured at 1:33 of 3rd period (Sore Right Knee).
1:34 of 3rd period - Riley Sheahan wins face-off versus Nick Bonino in Mustangs zone.
1:41 of 3rd period - Snap shot by Riley Sheahan.
1:41 of 3rd period - Stopped by Anders Lindback with a rebound.
1:43 of 3rd period - Snap shot by Marcus Foligno.
1:43 of 3rd period - Stopped by Anders Lindback with a rebound.
1:45 of 3rd period - Slapshot by Mark Pysyk.
1:45 of 3rd period - Stopped by Anders Lindback with a rebound.
2:01 of 3rd period - Matt Niskanen is hit by Mika Zibanejad and loses puck.
2:30 of 3rd period - Benn Ferriero is hit by Jerome Samson and loses puck.
3:10 of 3rd period - Wrist shot by Mika Zibanejad.
3:10 of 3rd period - Stopped by Anders Lindback without a rebound.
3:11 of 3rd period - Nick Bonino wins face-off versus Mika Zibanejad in Mulligans zone.
3:59 of 3rd period - Slapshot by Matt Donovan.
3:59 of 3rd period - Stopped by Peter Mannino with a rebound.
4:05 of 3rd period - Slapshot by Matt Donovan.
4:05 of 3rd period - Deflect By Jim O'Brien.
4:05 of 3rd period - Stopped by Peter Mannino with a rebound.
5:05 of 3rd period - Marcus Foligno is hit by Benn Ferriero and loses puck.
5:13 of 3rd period - Minor Penalty to Maxime Macenauer for Roughing.
5:14 of 3rd period - Drayson Bowman wins face-off versus Riley Sheahan in Mulligans zone.
5:22 of 3rd period - Wrist shot by Josh Jooris.
5:22 of 3rd period - Shot Misses the Net.
5:24 of 3rd period - Wrist shot by Riley Sheahan.
5:24 of 3rd period - Shot Misses the Net.
5:26 of 3rd period - Slapshot by Scott Mayfield.
5:26 of 3rd period - Shot Misses the Net.
5:28 of 3rd period - Slapshot by Scott Mayfield.
5:28 of 3rd period - Shot Blocked by Cody Goloubef.
5:30 of 3rd period - Slapshot by Marcus Foligno.
5:30 of 3rd period - Stopped by Anders Lindback without a rebound.
5:31 of 3rd period - Drayson Bowman wins face-off versus Mika Zibanejad in Mulligans zone.
5:41 of 3rd period - Off-side.
5:42 of 3rd period - Riley Sheahan wins face-off versus Drayson Bowman in neutral zone.
6:06 of 3rd period - Cameron Gaunce is hit by Cody Goloubef and loses puck.
7:01 of 3rd period - Anton Lander is hit by Mark Pysyk and loses puck.
7:13 of 3rd period - Penalty to Maxime Macenauer is over, Maxime Macenauer is back on ice.
7:59 of 3rd period - Snap shot by Maxime Macenauer.
7:59 of 3rd period - Shot Misses the Net.
8:33 of 3rd period - Wrist shot by Jerome Samson.
8:33 of 3rd period - Stopped by Anders Lindback with a rebound.
8:35 of 3rd period - Snap shot by Jerome Samson.
8:35 of 3rd period - Shot Blocked by Cade Fairchild.
8:37 of 3rd period - Slapshot by Scott Mayfield.
8:37 of 3rd period - Shot Blocked by Drayson Bowman.
8:39 of 3rd period - Slapshot by Jim O'Brien.
8:39 of 3rd period - Shot Blocked by Cody Goloubef.
9:13 of 3rd period - Wrist shot by Drayson Bowman.
9:13 of 3rd period - Goal by Drayson Bowman - Mustangs : 2 - Mulligans : 2.
9:14 of 3rd period - Riley Sheahan wins face-off versus Anton Lander in neutral zone.
9:17 of 3rd period - Snap shot by Marcus Foligno.
9:17 of 3rd period - Stopped by Anders Lindback without a rebound.
9:18 of 3rd period - Anton Lander wins face-off versus Riley Sheahan in Mulligans zone.
9:18 of 3rd period - Anton Lander is hit by Josh Jooris.
9:26 of 3rd period - Riley Sheahan is hit by Matt Donovan and loses puck.
9:27 of 3rd period - Riley Sheahan from Mustangs is injured at 9:27 of 3rd period (Strained Right Knee).
9:28 of 3rd period - Mika Zibanejad wins face-off versus Anton Lander in Mustangs zone.
9:32 of 3rd period - Off-side.
9:33 of 3rd period - Anton Lander wins face-off versus Mika Zibanejad in neutral zone.
10:13 of 3rd period - Icing by Mark Pysyk.
10:14 of 3rd period - Mika Zibanejad wins face-off versus Anton Lander in Mustangs zone.
10:14 of 3rd period - Mika Zibanejad is hit by Matt Beleskey.
10:44 of 3rd period - Wrist shot by Josh Jooris.
10:44 of 3rd period - Stopped by Anders Lindback without a rebound.
10:45 of 3rd period - Nick Bonino wins face-off versus Jim O'Brien in Mulligans zone.
10:45 of 3rd period - Nick Bonino is hit by Cameron Gaunce.
11:10 of 3rd period - Drayson Bowman is hit by Rick Schofield and loses puck.
11:17 of 3rd period - Slapshot by Cody Goloubef.
11:17 of 3rd period - Deflect By Cameron Gaunce.
11:17 of 3rd period - Stopped by Peter Mannino with a rebound.
11:19 of 3rd period - Slapshot by Matt Niskanen.
11:19 of 3rd period - Stopped by Peter Mannino with a rebound.
12:11 of 3rd period - Slapshot by Rick Schofield.
12:11 of 3rd period - Deflect By Curtis Hamilton.
12:11 of 3rd period - Stopped by Anders Lindback without a rebound.
12:12 of 3rd period - Jonathan Tremblay wins face-off versus Rick Schofield in Mulligans zone.
12:12 of 3rd period - Jonathan Tremblay is hit by Rick Schofield.
12:27 of 3rd period - Eric Tangradi is hit by Scott Mayfield and loses puck.
12:52 of 3rd period - Slapshot by Logan Shaw.
12:52 of 3rd period - Shot Misses the Net.
13:42 of 3rd period - Wrist shot by Nick Bonino.
13:42 of 3rd period - Shot Misses the Net.
13:44 of 3rd period - Slapshot by Eric Tangradi.
13:44 of 3rd period - Deflect By Jim O'Brien.
13:44 of 3rd period - Shot Misses the Net.
13:44 of 3rd period - Puck is out of play.
13:45 of 3rd period - Nick Bonino wins face-off versus Mika Zibanejad in Mustangs zone.
14:01 of 3rd period - Slapshot by Thomas Hickey.
14:01 of 3rd period - Shot Blocked by Denis Bodrov.
14:19 of 3rd period - Slapshot by Thomas Hickey.
14:19 of 3rd period - Shot Blocked by Denis Bodrov.
14:35 of 3rd period - Snap shot by Benn Ferriero.
14:35 of 3rd period - Shot Misses the Net.
14:43 of 3rd period - Cody Goloubef is hit by Cameron Gaunce and loses puck.
14:58 of 3rd period - Snap shot by Mika Zibanejad.
14:58 of 3rd period - Shot Blocked by Benn Ferriero.
15:00 of 3rd period - Snap shot by Mika Zibanejad.
15:00 of 3rd period - Stopped by Anders Lindback with a rebound.
15:05 of 3rd period - Icing by Thomas Hickey.
15:06 of 3rd period - Mika Zibanejad wins face-off versus Maxime Macenauer in Mulligans zone.
15:17 of 3rd period - Slapshot by Drayson Bowman.
15:17 of 3rd period - Stopped by Peter Mannino without a rebound.
15:18 of 3rd period - Nick Bonino wins face-off versus Mika Zibanejad in Mustangs zone.
15:19 of 3rd period - Wrist shot by Eric Tangradi.
15:19 of 3rd period - Shot Misses the Net.
15:21 of 3rd period - Wrist shot by Nick Bonino.
15:21 of 3rd period - Stopped by Peter Mannino with a rebound.
15:23 of 3rd period - Snap shot by Nick Bonino.
15:23 of 3rd period - Deflect By Eric Tangradi.
15:23 of 3rd period - Shot Misses the Net.
15:23 of 3rd period - Puck is out of play.
15:24 of 3rd period - Nick Bonino wins face-off versus Mika Zibanejad in Mustangs zone.
15:29 of 3rd period - Snap shot by Nick Bonino.
15:29 of 3rd period - Shot Misses the Net.
15:31 of 3rd period - Slapshot by Eric Tangradi.
15:31 of 3rd period - Shot Blocked by Marcus Foligno.
15:35 of 3rd period - Wrist shot by Nick Bonino.
15:35 of 3rd period - Stopped by Peter Mannino with a rebound.
15:37 of 3rd period - Slapshot by Eric Tangradi.
15:37 of 3rd period - Shot Misses the Net.
16:49 of 3rd period - Off-side.
16:50 of 3rd period - Nick Bonino wins face-off versus Mika Zibanejad in neutral zone.
17:07 of 3rd period - Nick Bonino is hit by Andrew Shaw and loses puck.
17:18 of 3rd period - Snap shot by Andrew Shaw.
17:18 of 3rd period - Goal by Andrew Shaw - Mustangs : 3 - Mulligans : 2.
17:19 of 3rd period - Benn Ferriero wins face-off versus Jim O'Brien in neutral zone.
17:22 of 3rd period - Alexei Marchenko is hit by Matt Niskanen and loses puck.
17:33 of 3rd period - Snap shot by Marcus Foligno.
17:33 of 3rd period - Stopped by Anders Lindback without a rebound.
17:34 of 3rd period - Nick Bonino wins face-off versus Mika Zibanejad in Mulligans zone.
17:49 of 3rd period - Marcus Foligno is hit by Eric Tangradi and loses puck.
18:00 of 3rd period - Josh Jooris is hit by Matt Beleskey and loses puck.
18:25 of 3rd period - Snap shot by Sven Baertschi.
18:25 of 3rd period - Shot Misses the Net.
18:27 of 3rd period - Minor Penalty to Josh Jooris for Hooking.
18:28 of 3rd period - Mika Zibanejad wins face-off versus Nick Bonino in Mustangs zone.
18:47 of 3rd period - Icing by Matt Donovan.
18:48 of 3rd period - Jim O'Brien wins face-off versus Nick Bonino in Mulligans zone.
19:10 of 3rd period - Icing by Nick Bonino.
19:11 of 3rd period - Nick Bonino wins face-off versus Mika Zibanejad in Mulligans zone.
19:16 of 3rd period - Mulligans, Anders Lindback is pulled from the net.
Goals for this period are 1 for Mustangs vs 1 for Mulligans.
Shots for this period are 13 for Mustangs vs 8 for Mulligans.
Back to the Top